 Dungeon Crawl Stone Soup version 0.31-a0-188-g5e087ee2ca (webtiles) character file.

Game seed: 1918805776126474370

193 qw the Skirmisher (level 5, -17/29 HPs)
             Began as a Deep Elf Hunter on June 22, 2023.
             Demolished by a gnoll
             ... wielding a +1 heavy halberd
              (20 damage)
             ... on level 2 of the Dungeon.
             The game lasted 00:00:37 (1398 turns).

qw the Skirmisher (Deep Elf Hunter)                 Turns: 1398, Time: 00:00:37

Health: -17/29     AC:  5    Str: 10    XL:     5   Next: 44%
Magic:  7/7        EV: 11    Int: 14    God:
Gold:   70         SH:  0    Dex: 18    Spells: 4/4 levels left

rFire   . . .        Y - +0 shortbow
rCold   . . .        (shield currently unavailable)
rNeg    . . .        h - +0 ring mail
rPois   .            (no helmet)
rElec   .            (no cloak)
rCorr   .            (no gloves)
SInv    .            (no boots)
Will    .....        (no amulet)
Stlth   +            (no ring)
HPRegen 0.24/turn    (no ring)
MPRegen 0.10/turn

%: no passive effects
@: no status effects
A: no striking features
a: no special abilities


You were on level 2 of the Dungeon.
You visited 1 branch of the dungeon, and saw 2 of its levels.

You collected 70 gold pieces.


   Skills:
 + Level 1.5 Fighting
 - Level 9.0 Ranged Weapons
 - Level 2.4 Dodging
 - Level 1.2 Stealth


You had 4 spell levels left.
You didn't know any spells.
Your spell library was empty.

Inventory:

Hand Weapons
 Y - a +0 shortbow (weapon)
Armour
 g - a +0 cloak
 h - a +0 ring mail (worn)
Scrolls
 a - a scroll of identify {unknown}
 c - a scroll of fear {unknown}
 i - a scroll of teleportation {unknown}
Potions
 b - a potion of lignification {unknown}
 d - 2 potions of curing
 e - 2 potions of cancellation {unknown}
 f - a potion of might {unknown}

Dungeon Overview and Level Annotations

Branches:
Dungeon (2/15)

Altars:


Message History

The arrow hits the worm but does no damage.
The worm is lightly wounded.
You shoot an arrow. The arrow hits the worm.
The worm is lightly wounded.
The worm barely misses you.
You shoot an arrow. The arrow hits the worm!
The worm is heavily wounded.
You shoot an arrow. The arrow hits the worm!
The worm is almost dead.
The worm bites you!
You shoot an arrow.
The arrow hits the worm but does no damage.
The worm is almost dead.
The worm barely misses you.
You shoot an arrow. The ball python hisses angrily.
The arrow hits the worm!
You kill the worm!
The ball python barely misses you. The ball python closely misses you.
Your Ranged Weapons skill increases to level 9!
You shoot an arrow.
The arrow barely misses the ball python.
The ball python bites you but does no damage.
The ball python grabs you. The ball python constricts you.
You shoot an arrow.
The arrow barely misses the ball python.
The ball python bites you but does no damage.
The ball python constricts you.
You shoot an arrow.
The arrow barely misses the ball python.
The ball python bites you. The ball python constricts you.
You shoot an arrow. The arrow hits the ball python.
You kill the ball python!
You shoot an arrow.
The arrow hits the gnoll but does no damage.
You shoot an arrow. The arrow hits the gnoll.
The gnoll is lightly wounded.
The gnoll hits you from afar with a +1 heavy halberd!!
Ouch! That really hurt!
You die...

##...).## ..#. #.......#
.#.# #.......# ...#
#.......# ### ... #.......#
##.. .S #....#### #... g##
#....'..###.#. ##)#
########.##... #.@#
##....).######
#.#.###'######## #.#.
#?##.....P...#
#.####.##.....%.P.#
####.#....##.....P.P.#####
#.........##.P%....%.##%..
#.##.#>##.##.P.P..%..##.##
####.##.#.##.##...P.P.P%##.#
.....#.#.##.#############.##


You could see a gnoll and a ball python.

Vanquished Creatures
  3 jellies (D:2)
  A gnoll (D:2)
  3 adders (D:2)
  A worm (D:2)
  2 dart slugs (D:1)
  4 ball pythons
  10 endoplasms
  3 giant cockroaches
  4 goblins
  4 hobgoblins
  4 jackals (D:1)
  A quokka (D:1)
  4 bats
  10 kobolds
  6 rats
60 creatures vanquished.

Notes
Turn   | Place    | Note
-------+----------+-------------------------------------------
     0 | D:1      | qw the Deep Elf Hunter began the quest for the Orb.
     0 | D:1      | Reached XP level 1. HP: 12/12 MP: 3/3
     0 | D:1      | 0 ||| qw: Version: 0.3-a-9-g12657ce
     0 | D:1      | 0 ||| qw: Game counter: 2966
     0 | D:1      | 0 ||| qw: Always use a shield: true
     0 | D:1      | 0 ||| qw: God list: Okawaru
     0 | D:1      | 0 ||| qw: Allow faded altars: false
     0 | D:1      | 0 ||| qw: Do Orc after D:15 true
     0 | D:1      | 0 ||| qw: Do second Lair branch before Depths: true
     0 | D:1      | 0 ||| qw: Lair rune preference: random
     0 | D:1      | 0 ||| qw: Plans: Normal
     0 | D:1      | 0 ||| PLANNING D:1-11
    88 | D:1      | Reached XP level 2. HP: 16/16 MP: 4/4
   111 | D:1      | Reached skill level 6 in Ranged Weapons
   116 | D:1      | 116 ||| FLEEEEING.
   117 | D:1      | 117 ||| FLEEEEING.
   118 | D:1      | 118 ||| FLEEEEING.
   119 | D:1      | 119 ||| FLEEEEING.
   120 | D:1      | 120 ||| FLEEEEING.
   121 | D:1      | 121 ||| FLEEEEING.
   122 | D:1      | 122 ||| FLEEEEING.
   123 | D:1      | 123 ||| FLEEEEING.
   124 | D:1      | 124 ||| FLEEEEING.
   125 | D:1      | 125 ||| FLEEEEING.
   126 | D:1      | 126 ||| FLEEEEING.
   127 | D:1      | 127 ||| FLEEEEING.
   128 | D:1      | 128 ||| FLEEEEING.
   471 | D:1      | Reached XP level 3. HP: 20/20 MP: 5/5
   619 | D:1      | 619 ||| UPGRADING to +0 ring mail.
   629 | D:1      | 629 ||| DROPPING +0 leather armour.
   630 | D:1      | 630 ||| READING 3 scrolls labelled ODADUOZ UPNU.
   631 | D:1      | 631 ||| READING scroll labelled VARGHE URGHO.
   632 | D:1      | 632 ||| READING scroll labelled WYITAY EWOCO.
   733 | D:1      | 733 ||| DRINKING 2 emerald potions.
   734 | D:1      | 734 ||| DROPPING 2 scrolls of immolation.
   735 | D:1      | 735 ||| DROPPING scroll of butterflies.
   916 | D:2      | 916 ||| Stepping ~*~*~tactically~*~*~ (outnumbered).
  1016 | D:2      | Reached skill level 7 in Ranged Weapons
  1016 | D:2      | Reached XP level 4. HP: 15/25 MP: 6/6
  1016 | D:2      | HP: 6/25 [acid (8)]
  1027 | D:2      | Reached skill level 8 in Ranged Weapons
  1027 | D:2      | HP: 6/25 [endoplasm (3)]
  1030 | D:2      | HP: 1/25 [frozen (5)]
  1134 | D:2      | Reached XP level 5. HP: 29/29 MP: 7/7
  1390 | D:2      | HP: 3/29 [worm (8)]
  1393 | D:2      | Reached skill level 9 in Ranged Weapons
  1395 | D:2      | HP: 2/29 [ball python (2)]
  1398 | D:2      | Demolished by a gnoll

Levels and vault maps discovered:
D:1:      lemuel_arrival_funnel, layout_basic
D:2:      cheibrodos_fertilizer, layout_loops_ring

Skill      XL: |  1  2  3  4  5 |
---------------+----------------+-----
Ranged Weapons | 6 7 8 9 |  9.0
Fighting       | |  1.5
Dodging        | |  2.4
Stealth        | |  1.2

Action                     |  1- 3 |  4- 6 || total
---------------------------+-------+-------++-------
   Fire: Shortbow          |    79 |    75 ||   154
    Use: Scroll            |     3 |       ||     3
         Potion            |     1 |       ||     1
 Armour: Leather armour    |     1 |       ||     1
         Ring mail         |    17 |     5 ||    22
  Dodge: Dodged            |    27 |    19 ||    46

Table legend:
 A = Non-vault XP
 B = Vault XP
 C = Vault XP percentage of total XP
 D = Non-vault monster count
 E = Vault monster count
 F = Vault count percentage of total count
                 A         B        C        D         E       F
            +---------+---------+-------+---------+---------+-------
      Total |     127 |     150 |  54.2 |      43 |      17 |  28.3
            +---------+---------+-------+---------+---------+-------
        D:1 |      41 |       0 |   0.0 |      21 |       0 |   0.0
        D:2 |      86 |     150 |  63.6 |      22 |      17 |  43.6
            +---------+---------+-------+---------+---------+-------
